 Dungeon Crawl Stone Soup version 0.23-a0-650-ga4d50d4 (console) character file.

291 bli the Skirmisher (level 6, -1/47 (49) HPs)
             Began as a Formicid Abyssal Knight on Jan 4, 2019.
             Was a Believer of Lugonu.
             Slain by a bullfrog skeleton (2 damage)
             ... on level 4 of the Dungeon.
             The game lasted 00:08:21 (3806 turns).

bli the Skirmisher (Formicid Abyssal Knight)        Turns: 3806, Time: 00:08:21

HP:   -1/47 (49)    AC:  3    Str: 16    XL:     6   Next: 59%
MP:   7/7           EV: 11    Int: 12    God:    Lugonu [**....]
Gold: 169           SH:  0    Dex: 12    Spells: 5/5 levels left

rFire    . . .     SeeInvis +   B - +1 long sword (holy)
rCold    . . .     Gourm    .   (no shield)
rNeg     + . .     Faith    .   b - +0 leather armour
rPois    .         Spirit   .   (helmet unavailable)
rElec    .         Reflect  .   (no cloak)
rCorr    .         Harm     .   (no gloves)
MR       .....                  (no boots)
Stlth    +.........             (no amulet)
HPRegen  0.00/turn              l - ring of flight
MPRegen  0.10/turn              n - ring of positive energy

@: non-regenerating, diseased
A: permanent stasis, dig shafts and tunnels, four strong arms, antennae 3
a: Dig, Shaft Self, Depart the Abyss, Bend Space, Renounce Religion, Evoke
Flight


You were on level 4 of the Dungeon.
You worshipped Lugonu.
Lugonu was pleased with you.
You were not hungry.

You visited 1 branch of the dungeon, and saw 4 of its levels.
You visited the Abyss 1 time.

You collected 169 gold pieces.

Inventory:

Hand Weapons
 a - a +1 hand axe
 q - a +0 war axe
 r - a +0 flail
 w - a +0 hunting sling
 B - a +1 long sword of holy wrath (weapon)
 F - a +0 dagger
Missiles
 j - 25 stones (quivered)
 z - 3 tomahawks
 E - 6 poisoned needles
Armour
 b - a +0 leather armour (worn)
 k - a +0 ring mail
 D - a +0 ring mail
Jewellery
 l - a ring of flight (left hand)
 m - an uncursed ring of wizardry
 n - a ring of positive energy (right hand)
Wands
 d - a wand of digging (4)
 e - a wand of acid (6)
Scrolls
 g - 9 scrolls of identify {unknown}
 p - a scroll of blinking {unknown}
 s - 2 scrolls of amnesia {unknown}
 u - a scroll of magic mapping {unknown}
 y - a scroll of immolation {unknown}
 C - a scroll of teleportation {unknown}
Potions
 f - 2 potions of heal wounds {unknown}
 h - a potion of flight {unknown}
 i - 2 potions of curing
 o - 3 potions of lignification {unknown}
 t - a potion of ambrosia {unknown}
 v - a potion of degeneration {unknown}
 x - a potion of brilliance {unknown}
 G - a potion of cancellation {unknown}
Comestibles
 c - 3 rations
 A - 4 chunks of flesh


   Skills:
 + Level 4.5 Fighting
 * Level 3.1 Long Blades
 - Level 4.3 Axes
 + Level 2.9 Armour
 - Level 0.8 Dodging
 - Level 2.1 Invocations


You had 5 spell levels left.
You didn't know any spells.
Your spell library was empty.

Dungeon Overview and Level Annotations

Branches:
Dungeon (4/15)
 Temple: D:4-7

Altars:
Gozag
Hepliaklqana
Nemelex Xobeh
Yredelemnul


Innate Abilities, Weirdness & Mutations

You cannot be hasted, slowed, berserked, paralysed or teleported.
You can dig through walls and to a lower floor.
Your four strong arms can wield two-handed weapons with a shield.
You have a pair of large antennae on your head. (SInv)


Message History

The bullfrog skeleton barely misses you.
The bullfrog skeleton barely misses you.
The bullfrog skeleton hits you but does no damage.
The bullfrog skeleton hits you.
* * * LOW HITPOINT WARNING * * *
You barely miss the scorpion.
The scorpion is lightly wounded.
The scorpion closely misses you.
You riposte.
You barely miss the scorpion.
The scorpion is lightly wounded.
The hound barely misses you.
You riposte.
You closely miss the hound.
The bullfrog skeleton hits you but does no damage.
The hound barely misses you. The scorpion stings you.
* * * LOW HITPOINT WARNING * * *
You hit the bullfrog skeleton.
The bullfrog skeleton convulses.
The bullfrog skeleton is moderately damaged.
The bullfrog skeleton barely misses you.
The hound bites you.
* * * LOW HITPOINT WARNING * * *
The bullfrog skeleton hits you.
You die...

.#.#..# ### .#..... ..##
.#..... ...## .......
....####### ###.......
..........#######........$
.............##........{{{.
.<....###...........##....#
##...## ###........###....#
###.## #......Z...Z....#
#.# #.....@s........# #.#
##.....h....#...# #.#
#...######## ..# #.# #..##
# #.# #..# #.# ##..## #.#
#....# #.### ##...##
##..####...## ##..#....##
##.....##


You could see a scorpion, a hound, an adder skeleton and a bullfrog skeleton.

Vanquished Creatures
  A necrophage (D:4)
  A bullfrog skeleton (D:3)
  2 worker ants
  7 adders
  An ooze (D:3)
  2 worms
  2 dart slugs
  A leopard gecko (D:4)
  2 orcs
  2 giant cockroaches
  3 goblins
  6 hobgoblins
  4 jackals (D:2)
  7 bats
  9 frilled lizards
  3 kobolds
  5 rats
58 creatures vanquished.

Notes
Turn   | Place    | Note
-------+----------+-------------------------------------------
     0 | Abyss:1  | bli the Formicid Abyssal Knight began the quest for the
                  | Orb.
     0 | Abyss:1  | Reached XP level 1. HP: 18/18 MP: 2/2
   109 | Abyss:2  | Found a corrupted altar of Lugonu.
   114 | Abyss:2  | Noticed a large abomination
   133 | Abyss:2  | Noticed a worldbinder
   153 | Abyss:2  | Noticed a small abomination
   156 | Abyss:2  | Noticed a soul eater
   164 | D:1      | Escaped the Abyss
   481 | D:1      | Reached * piety under Lugonu
   481 | D:1      | Reached XP level 2. HP: 24/24 MP: 3/3
   931 | D:2      | Reached XP level 3. HP: 14/29 MP: 4/4
  1482 | D:2      | Reached XP level 4. HP: 28/36 MP: 5/5
  1685 | D:2      | Found a basalt altar of Yredelemnul.
  2425 | D:2      | Found a sparkling altar of Nemelex Xobeh.
  2597 | D:3      | Reached XP level 5. HP: 37/42 MP: 6/6
  2935 | D:3      | Found a hazy altar of Hepliaklqana.
  3136 | D:3      | Reached skill level 1 in Long Blades
  3165 | D:3      | Reached ** piety under Lugonu
  3579 | D:3      | Found an opulent altar of Gozag.
  3721 | D:4      | Reached XP level 6. HP: 22/49 MP: 7/7
  3747 | D:4      | Noticed a necrophage
  3756 | D:4      | Killed a necrophage
  3806 | D:4      | HP: 1/47 [hound (5)]
  3806 | D:4      | Slain by a bullfrog skeleton

Vault maps used:
D:1:      shiori_shiawase
D:2:      overflow_temple_1_default, nemelex_xobeh_ov_fountains_minmay
D:3:      lemuel_doored_altar, old_standard_altar, kennysheep_donut
D:4:      okawaru_trees_2, minmay_temple_entry_arrows, portal_sewer_entry_e,
          serial_shops, nicolae_shop_crystal

Skill      XL: |  1  2  3  4  5  6 |
---------------+-------------------+-----
Axes           | 3 4 |  4.3
Fighting       | 4 |  4.5
Long Blades    | 2 3 |  3.1
Armour         | |  2.9
Dodging        | |  0.8
Invocations    | |  2.1

Action                   |  1- 3 |  4- 6 || total
-------------------------+-------+-------++-------
Melee: Hand axe          |    79 |    45 ||   124
       Long sword        |       |    81 ||    81
Throw: Stone             |     2 |    11 ||    13
Invok: Depart the Abyss  |     1 |       ||     1
 Abil: Dig               |     1 |       ||     1
Evoke: Wand              |       |     2 ||     2
  Use: Potion            |       |     1 ||     1
  Eat: Chunk             |     2 |     7 ||     9
Armor: Leather armour    |    19 |    32 ||    51
Dodge: Dodged            |    47 |    80 ||   127
       Rpst.: Long sword |       |    23 ||    23

Table legend:
 A = Non-vault XP
 B = Vault XP
 C = Vault XP percentage of total XP
 D = Non-vault monster count
 E = Vault monster count
 F = Vault count percentage of total count
                 A         B        C        D         E       F
            +---------+---------+-------+---------+---------+-------
      Total |     417 |       0 |   0.0 |      58 |       0 |   0.0
            +---------+---------+-------+---------+---------+-------
        D:1 |      19 |       0 |   0.0 |      11 |       0 |   0.0
        D:2 |      99 |       0 |   0.0 |      23 |       0 |   0.0
        D:3 |     130 |       0 |   0.0 |      19 |       0 |   0.0
        D:4 |     169 |       0 |   0.0 |       5 |       0 |   0.0
            +---------+---------+-------+---------+---------+-------
